Avalanche vs RedWings

Created - Saturday, February 13, 2016 at 03:12

Goals
1 2 3 T
Avalanche 0 1 1 2
RedWings 0 1 0 1
Shots
1 2 3 T
Avalanche 1 9 12 22
RedWings 12 6 9 27

1st period

No Goal

Penalties :
Steve Downie (Det) for Fighting (Major) at 2:22, Matthew Corrente (Col) for Fighting (Major) at 2:22, Zack Smith (Col) for Holding (Minor) at 5:16, Marcus Johansson (Col) for Boarding (Minor) at 11:51, Steve Downie (Det) for Holding (Minor) at 14:14, Steve Downie (Det) for Hooking (Minor) at 19:13

2nd period

1. RedWings , Andrew Shaw 3 (Mike Santorelli) at 3:00
2. Avalanche , Lee Stempniak 6 (Andrej Nestrasil) at 19:17

Penalties :
Colton Sceviour (Col) for Hooking (Minor) at 5:07, Andrew Shaw (Det) for Cross-checking (Minor) at 9:41, Eric Gryba (Det) for Hooking (Minor) at 18:01, Daniel Winnik (Col) for Roughing (Minor) at 19:04

3rd period

3. Avalanche , Lee Stempniak 7 (Colton Sceviour, Zach Redmond) at 10:36

Penalties :
Ryan White (Det) for Slashing (Minor) at 3:11, Bryan Bickell (Det) for Roughing (Minor) at 12:43, Ryan O'Reilly (Col) for Holding (Minor) at 15:59

Goalie Stats

Eddie Lack (Col), 26 saves from 27 shots - (0.963), W, 28-18-1, 60:00 minutes
Jonas Hiller (Det), 20 saves from 22 shots - (0.909), L, 19-24-5, 59:12 minutes

Players Stats for Avalanche

Player Name              G  A  P  +/- PIM S  H  SB GA TA FO     MP     PP MP  PK MP  
------------------------------------------------------------------------------------
Andrej Nestrasil         0  1  1   1  0   0  2  2  1  0  5/14   18:09   4:54   0:07 
Brad Richards            0  0  0   0  0   0  0  0  1  1  2/2     3:16   0:00   1:33 
Colton Sceviour          0  1  1   0  2   2  1  0  1  1  2/3    20:35   5:32   0:53 
Daniel Winnik            0  0  0   0  2   0  1  0  1  1  0/0    21:25   3:35   6:04 
David Pastrnak           0  0  0   0  0   0  0  1  0  1  0/0    13:48   0:44   1:05 
David Rundblad           0  0  0   1  0   0  3  1  1  0  0/0    25:30   4:47   0:39 
Jonas Brodin             0  0  0   2  0   3  1  3  0  2  0/0    30:35   6:07   6:52 
Lee Stempniak            2  0  2   1  0   6  1  0  1  0  1/3    18:04   2:23   0:07 
Marcus Johansson         0  0  0   0  2   1  0  0  2  1  4/10   11:56   0:00   0:00 
Mark Scheifele           0  0  0   0  0   4  3  0  4  0  0/0     6:35   5:25   0:00 
Matt Dumba               0  0  0  -1  0   0  1  2  0  1  0/0     9:00   1:53   1:18 
Matt Moulson             0  0  0   0  0   1  0  0  2  0  0/0    11:37   0:00   0:00 
Matthew Corrente         0  0  0   1  5   0  2  0  0  0  0/0    18:31   0:00   4:37 
Nate Prosser             0  0  0   0  0   0  0  0  0  0  0/0     4:02   0:00   1:33 
Ryan O'Reilly            0  0  0   0  2   3  1  2  3  1  6/9    22:33   5:08   3:42 
Sami Vatanen             0  0  0   0  0   1  1  0  1  0  0/0     7:56   4:17   0:52 
Zach Redmond             0  1  1  -1  0   0  3  1  0  4  0/0    24:19   4:50   2:07 
Zack Smith               0  0  0   0  2   1  5  1  0  0  10/16  21:53   5:09   4:27 

Players Stats for RedWings

Player Name              G  A  P  +/- PIM S  H  SB GA TA FO     MP     PP MP  PK MP  
------------------------------------------------------------------------------------
Andrew Shaw              1  0  1   0  2   5  3  0  4  0  4/12   16:56   4:15   1:41 
Bryan Bickell            0  0  0   0  2   1  0  1  5  1  0/0    12:02   0:49   0:00 
Chris VandeVelde         0  0  0   0  0   0  1  0  0  0  6/11   10:12   0:00   1:31 
Derek Forbort            0  0  0  -1  0   1  0  0  0  0  0/0    12:06   0:39   0:00 
Devante Smith-Pelly      0  0  0   0  0   0  1  0  0  1  1/3    11:42   3:07   1:56 
Eric Gryba               0  0  0   0  2   1  6  4  1  4  0/0    26:06   5:14   6:12 
Frank Corrado            0  0  0  -1  0   1  0  1  0  1  0/0    27:55   5:14   7:04 
Jamie McGinn             0  0  0   0  0   0  0  0  0  0  1/1    14:53   4:15   0:00 
Joe Colborne             0  0  0  -1  0   5  6  1  1  0  14/25  24:21   4:44   8:09 
Mark Letestu             0  0  0  -1  0   2  1  0  3  1  0/0    24:21   4:44   8:09 
Mark Pysyk               0  0  0   0  0   0  1  1  0  0  0/0    21:31   3:45   3:53 
Matt Taormina            0  0  0   0  0   0  0  0  0  0  0/0    11:23   0:00   0:52 
Melker Karlsson          0  0  0   0  0   0  3  0  1  0  0/0    10:47   0:00   0:28 
Mike Santorelli          0  1  1   0  0   3  2  1  2  0  0/1    14:53   4:15   0:00 
Paul Postma              0  0  0   0  0   1  1  1  0  0  0/0    21:31   3:45   3:53 
Ryan White               0  0  0   0  2   0  0  1  1  0  0/0     9:53   0:00   0:00 
Steve Downie             0  0  0   0  9   6  2  0  0  0  0/0     8:22   0:09   0:00 
TJ Galiardi              0  0  0   0  0   1  0  1  2  0  1/4     8:51   0:00   0:00 

3 Stars

1 - Lee Stempniak (Col)
2 - Eddie Lack (Col)
3 - Andrej Nestrasil (Col)

Power Play

Avalanche - 0 on 6 Attempt(s) - 0.00%
RedWings - 0 on 5 Attempt(s) - 0.00%

Penalty Kill

Avalanche - 5 on 5 Attempt(s) - 100.00% - Score 0 goal in Penalty Kill
RedWings - 6 on 6 Attempt(s) - 100.00% - Score 0 goal in Penalty Kill

Team Stat

Avalanche - Hits : 25 - Faceoff Wins : 30 - Blocked Shots : 13 - Penalty Minutes : 15
RedWings - Hits : 27 - Faceoff Wins : 27 - Blocked Shots : 12 - Penalty Minutes : 17

Official

Referees : Unknown
Linesman : Unknown

Game Notes

Steve Downie and Matthew Corrente fight to a draw at 2:22 of 1st period
Nate Prosser is injured at 9:58 of 1st period (Abdominal Strain)
Matt Dumba is injured at 4:47 of 2nd period (Right Hand)
Devante Smith-Pelly is injured at 4:52 of 3rd period (Bruised Right Shoulder)

Finance

Level 1 -- Attendance: 4217 (70.28%) -- Ticket Income $421,700
Level 2 -- Attendance: 3742 (74.84%) -- Ticket Income $224,520
Level 3 -- Attendance: 1338 (66.90%) -- Ticket Income $46,830
Level 4 -- Attendance: 2998 (74.95%) -- Ticket Income $59,960
Luxury Box -- Attendance: 973 (97.30%) -- Ticket Income $165,410
Game was played at the Joe Louis Arena.
Total Attendance: 13268 (73.71%)
Total Ticket Income: $918,420
Other Income: $450,026
Total Income: $1,368,446

Avalanche

5 vs 5 Forward 
   Center                   Left Wing                Right Wing               Time % Phy DF OF 
 1 Zack Smith               Lee Stempniak            Colton Sceviour          25     5   0  0  
 2 Andrej Nestrasil         Matt Moulson             Daniel Winnik            25     5   0  0  
 3 Marcus Johansson         Ryan O'Reilly            David Pastrnak           25     5   0  0  
 4 Zack Smith               Lee Stempniak            Colton Sceviour          25     5   0  0  

5 vs 5 Defense 
   Defense                  Defense                                           Time % Phy DF OF 
 1 Jonas Brodin             Nate Prosser                                      25     4   1  0  
 2 Zach Redmond             Matt Dumba                                        25     4   1  0  
 3 David Rundblad           Matthew Corrente                                  25     4   1  0  
 4 Jonas Brodin             Nate Prosser                                      25     4   1  0  

PowerPlay Forward 
   Center                   Left Wing                Right Wing               Time % Phy DF OF 
 1 Andrej Nestrasil         Zack Smith               Colton Sceviour          60     4   1  0  
 2 Ryan O'Reilly            Daniel Winnik            Mark Scheifele           40     4   1  0  

PowerPlay Defense
   Defense                  Defense                                           Time % Phy DF OF 
 1 Jonas Brodin             Nate Prosser                                      60     4   1  0  
 2 Zach Redmond             Matt Dumba                                        40     4   1  0  

Penalty Kill 4 Players Forward 
   Center                   Wing                     Time % Phy DF OF 
 1 Zack Smith               Daniel Winnik            60     4   1  0  
 2 Daniel Winnik            Colton Sceviour          40     4   1  0  

Penalty Kill 4 Players Defense
   Defense                  Defense                  Time % Phy DF OF 
 1 Jonas Brodin             Nate Prosser             60     4   1  0  
 2 Zach Redmond             Matt Dumba               40     4   1  0  

Penalty Kill - 3 Players Forward 
   Forward                                           Time % Phy DF OF 
 1 Colton Sceviour                                   60     1   2  2  
 2 Daniel Winnik                                     40     1   2  2  

Penalty Kill - 3 Players Defense
   Defense                  Defense                  Time % Phy DF OF 
 1 Jonas Brodin             Nate Prosser             60     1   2  2  
 2 Zach Redmond             Matt Dumba               40     1   2  2  

4 vs 4 Forward 
   Center                   Wing                     Time % Phy DF OF 
 1 Andrej Nestrasil         Daniel Winnik            60     4   1  0  
 2 Colton Sceviour          Lee Stempniak            40     4   1  0  

4 vs 4 Defense
   Defense                  Defense                  Time % Phy DF OF 
 1 Jonas Brodin             Nate Prosser             60     4   1  0  
 2 Zach Redmond             Matt Dumba               40     4   1  0  

Last Minutes Offensive
   Center                   Left Wing                Right Wing               Defense                  Defense                  
   Ryan O'Reilly            Daniel Winnik            Brad Richards            Jonas Brodin             Nate Prosser             

Last Minutes Defensive
   Center                   Left Wing                Right Wing               Defense                  Defense                  
   Ryan O'Reilly            Daniel Winnik            Brad Richards            Jonas Brodin             Nate Prosser             

Goaltenders
Starting : Eddie Lack               
Backup : Pheonix Copley           

Extra Forwards
Normal : Lee Stempniak, Colton Sceviour, Daniel Winnik - PP : Lee Stempniak, Colton Sceviour - PK : Daniel Winnik
Extra Defensemen
Normal : David Rundblad, Matthew Corrente, Zach Redmond - PP : David Rundblad - PK : Matthew Corrente, Zach Redmond
Penalty Shots
Ryan O'Reilly, Daniel Winnik, Marcus Johansson, Colton Sceviour, Matt Moulson

RedWings

5 vs 5 Forward 
   Center                   Left Wing                Right Wing               Time % Phy DF OF 
 1 Joe Colborne             Devante Smith-Pelly      Mark Letestu             35     1   2  2  
 2 Andrew Shaw              Jamie McGinn             Mike Santorelli          30     1   2  2  
 3 Chris VandeVelde         Bryan Bickell            Steve Downie             22     1   2  2  
 4 TJ Galiardi              Ryan White               Melker Karlsson          13     1   2  2  

5 vs 5 Defense 
   Defense                  Defense                                           Time % Phy DF OF 
 1 Eric Gryba               Frank Corrado                                     35     1   2  2  
 2 Paul Postma              Mark Pysyk                                        30     1   2  2  
 3 Derek Forbort            Matt Taormina                                     22     1   2  2  
 4 Eric Gryba               Frank Corrado                                     13     1   2  2  

PowerPlay Forward 
   Center                   Left Wing                Right Wing               Time % Phy DF OF 
 1 Joe Colborne             Devante Smith-Pelly      Mark Letestu             60     1   2  2  
 2 Andrew Shaw              Jamie McGinn             Mike Santorelli          40     1   2  2  

PowerPlay Defense
   Defense                  Defense                                           Time % Phy DF OF 
 1 Eric Gryba               Frank Corrado                                     60     1   2  2  
 2 Paul Postma              Mark Pysyk                                        40     1   2  2  

Penalty Kill 4 Players Forward 
   Center                   Wing                     Time % Phy DF OF 
 1 Joe Colborne             Mark Letestu             60     1   2  2  
 2 Andrew Shaw              Devante Smith-Pelly      40     1   2  2  

Penalty Kill 4 Players Defense
   Defense                  Defense                  Time % Phy DF OF 
 1 Eric Gryba               Frank Corrado            60     1   2  2  
 2 Paul Postma              Mark Pysyk               40     1   2  2  

Penalty Kill - 3 Players Forward 
   Forward                                           Time % Phy DF OF 
 1 Joe Colborne                                      60     1   2  2  
 2 Mark Letestu                                      40     1   2  2  

Penalty Kill - 3 Players Defense
   Defense                  Defense                  Time % Phy DF OF 
 1 Eric Gryba               Frank Corrado            60     1   2  2  
 2 Paul Postma              Mark Pysyk               40     1   2  2  

4 vs 4 Forward 
   Center                   Wing                     Time % Phy DF OF 
 1 Joe Colborne             Mark Letestu             60     1   2  2  
 2 Andrew Shaw              Devante Smith-Pelly      40     1   2  2  

4 vs 4 Defense
   Defense                  Defense                  Time % Phy DF OF 
 1 Eric Gryba               Frank Corrado            60     1   2  2  
 2 Paul Postma              Mark Pysyk               40     1   2  2  

Last Minutes Offensive
   Center                   Left Wing                Right Wing               Defense                  Defense                  
   Joe Colborne             Devante Smith-Pelly      Mark Letestu             Eric Gryba               Frank Corrado            

Last Minutes Defensive
   Center                   Left Wing                Right Wing               Defense                  Defense                  
   Joe Colborne             Devante Smith-Pelly      Mark Letestu             Eric Gryba               Frank Corrado            

Goaltenders
Starting : Jonas Hiller             
Backup : Ben Scrivens             

Extra Forwards
Normal : Bryan Bickell, Steve Downie, Chris VandeVelde - PP : Bryan Bickell, Steve Downie - PK : Chris VandeVelde
Extra Defensemen
Normal : Derek Forbort, Matt Taormina, Paul Postma - PP : Derek Forbort - PK : Matt Taormina, Paul Postma
Penalty Shots
Joe Colborne, Mark Letestu, Andrew Shaw, Devante Smith-Pelly, Mike Santorelli

% Time on Ice - Avalanche

Lines # - Real PCT - Wanted PCT - Time Play
Normal Forward
1 - 20% - 25% - 7:40
2 - 34% - 25% - 12:53
3 - 30% - 25% - 11:34
4 - 16% - 25% - 6:02
Normal Defense
1 - 23% - 25% - 8:43
2 - 41% - 25% - 15:28
3 - 15% - 25% - 5:53
4 - 21% - 25% - 8:05
PP Forward
1 - 51% - 60% - 5:33
2 - 49% - 40% - 5:25
PP Defense
1 - 56% - 60% - 6:07
2 - 44% - 40% - 4:51
PK Forward
1 - 88% - 60% - 7:55
2 - 12% - 40% - 1:04
PK Defense
1 - 76% - 60% - 6:52
2 - 24% - 40% - 2:07
PK3 Forward
1 - 0% - 60%
2 - 0% - 40%
PK3 Defense
1 - 0% - 60%
2 - 0% - 40%
44 Forward
1 - 100% - 60% - 0:56
2 - 0% - 40% - 0:00
44 Defense
1 - 93% - 60% - 0:52
2 - 7% - 40% - 0:04
Last Minute Offensive  - 0:00
Last Minute Defensive  - 0:58
Total
Forward - 60:00
Defense - 60:00

% Time on Ice - RedWings

Lines # - Real PCT - Wanted PCT - Time Play
Normal Forward
1 - 25% - 35% - 9:35
2 - 29% - 30% - 11:01
3 - 23% - 22% - 8:42
4 - 23% - 13% - 8:51
Normal Defense
1 - 34% - 35% - 13:09
2 - 36% - 30% - 13:44
3 - 28% - 22% - 10:31
4 - 2% - 13% - 0:45
PP Forward
1 - 53% - 60% - 4:44
2 - 47% - 40% - 4:15
PP Defense
1 - 58% - 60% - 5:14
2 - 42% - 40% - 3:45
PK Forward
1 - 77% - 60% - 8:28
2 - 23% - 40% - 2:30
PK Defense
1 - 64% - 60% - 7:04
2 - 36% - 40% - 3:54
PK3 Forward
1 - 0% - 60%
2 - 0% - 40%
PK3 Defense
1 - 0% - 60%
2 - 0% - 40%
44 Forward
1 - 100% - 60% - 0:56
2 - 0% - 40% - 0:00
44 Defense
1 - 100% - 60% - 0:56
2 - 0% - 40% - 0:00
Last Minute Offensive  - 0:58
Last Minute Defensive  - 0:00
Total
Forward - 60:00
Defense - 60:00

Play by Play

1st period


0:01 of 1st period - Devante Smith-Pelly wins face-off versus Zack Smith in neutral zone.
0:10 of 1st period - Backhand shot by Joe Colborne.
0:10 of 1st period - Stopped by Eddie Lack without a rebound.
0:11 of 1st period - Joe Colborne wins face-off versus Zack Smith in Avalanche zone.
0:12 of 1st period - Wrist shot by Mark Letestu.
0:12 of 1st period - Deflect By Joe Colborne.
0:12 of 1st period - Stopped by Eddie Lack with a rebound.
0:58 of 1st period - Slapshot by Andrej Nestrasil.
0:58 of 1st period - Shot Misses the Net.
1:43 of 1st period - Backhand shot by Andrew Shaw.
1:43 of 1st period - Shot Blocked by Zach Redmond.
1:45 of 1st period - Snap shot by Andrew Shaw.
1:45 of 1st period - Stopped by Eddie Lack with a rebound.
1:47 of 1st period - Wrist shot by Mike Santorelli.
1:47 of 1st period - Stopped by Eddie Lack with a rebound.
1:49 of 1st period - Slapshot by Paul Postma.
1:49 of 1st period - Deflect By David Pastrnak.
1:49 of 1st period - Stopped by Eddie Lack with a rebound.
1:51 of 1st period - Snap shot by Andrew Shaw.
1:51 of 1st period - Shot Misses the Net.
2:22 of 1st period - Steve Downie and Matthew Corrente fight to a draw.
2:22 of 1st period - Penalty to Steve Downie for Fighting.
2:22 of 1st period - Penalty to Matthew Corrente for Fighting.
2:23 of 1st period - Chris VandeVelde wins face-off versus Colton Sceviour in neutral zone.
2:39 of 1st period - Off-side.
2:40 of 1st period - Zack Smith wins face-off versus Chris VandeVelde in neutral zone.
2:50 of 1st period - Icing by Chris VandeVelde.
2:51 of 1st period - Chris VandeVelde wins face-off versus Andrej Nestrasil in RedWings zone.
3:42 of 1st period - Zach Redmond is hit by Mike Santorelli and loses puck.
3:59 of 1st period - Eric Gryba is hit by Lee Stempniak and loses puck.
4:31 of 1st period - Wrist shot by Joe Colborne.
4:31 of 1st period - Stopped by Eddie Lack with a rebound.
5:16 of 1st period - Minor Penalty to Zack Smith for Holding.
5:17 of 1st period - Ryan O'Reilly wins face-off versus Andrew Shaw in Avalanche zone.
5:17 of 1st period - Ryan O'Reilly is hit by Eric Gryba.
5:30 of 1st period - Slapshot by Mike Santorelli.
5:30 of 1st period - Shot Misses the Net.
5:50 of 1st period - Slapshot by Andrew Shaw.
5:50 of 1st period - Shot Misses the Net.
5:52 of 1st period - Wrist shot by Mike Santorelli.
5:52 of 1st period - Shot Misses the Net.
6:10 of 1st period - Daniel Winnik is hit by Joe Colborne and loses puck.
6:22 of 1st period - Ryan O'Reilly is hit by Joe Colborne.
7:16 of 1st period - Penalty to Zack Smith is over, Zack Smith is back on ice.
8:43 of 1st period - Matt Taormina is hit by Matt Dumba.
8:55 of 1st period - Snap shot by Bryan Bickell.
8:55 of 1st period - Shot Blocked by Andrej Nestrasil.
9:07 of 1st period - Wrist shot by Bryan Bickell.
9:07 of 1st period - Deflect By Steve Downie.
9:07 of 1st period - Stopped by Eddie Lack with a rebound.
9:09 of 1st period - Slapshot by Matt Taormina.
9:09 of 1st period - Deflect By Bryan Bickell.
9:09 of 1st period - Shot Misses the Net.
9:09 of 1st period - Puck is out of play.
9:10 of 1st period - Marcus Johansson wins face-off versus Andrew Shaw in Avalanche zone.
9:19 of 1st period - Wrist shot by Marcus Johansson.
9:19 of 1st period - Shot Misses the Net.
9:57 of 1st period - Nate Prosser is hit by Eric Gryba and loses puck.
9:58 of 1st period - Nate Prosser from Avalanche is injured at 9:58 of 1st period (Abdominal Strain).
9:59 of 1st period - Zack Smith wins face-off versus Andrew Shaw in Avalanche zone.
10:36 of 1st period - Wrist shot by Lee Stempniak.
10:36 of 1st period - Shot Misses the Net.
11:01 of 1st period - Slapshot by Joe Colborne.
11:01 of 1st period - Stopped by Eddie Lack without a rebound.
11:02 of 1st period - Joe Colborne wins face-off versus Andrej Nestrasil in Avalanche zone.
11:22 of 1st period - Wrist shot by Mark Letestu.
11:22 of 1st period - Stopped by Eddie Lack without a rebound.
11:23 of 1st period - Chris VandeVelde wins face-off versus Marcus Johansson in Avalanche zone.
11:32 of 1st period - Snap shot by Steve Downie.
11:32 of 1st period - Deflect By Bryan Bickell.
11:32 of 1st period - Shot Blocked by David Pastrnak.
11:32 of 1st period - Puck is out of play.
11:33 of 1st period - Chris VandeVelde wins face-off versus Marcus Johansson in Avalanche zone.
11:51 of 1st period - Minor Penalty to Marcus Johansson for Boarding.
11:52 of 1st period - Joe Colborne wins face-off versus Zack Smith in Avalanche zone.
13:08 of 1st period - Daniel Winnik is hit by Andrew Shaw and loses puck.
13:51 of 1st period - Penalty to Marcus Johansson is over, Marcus Johansson is back on ice.
13:51 of 1st period - Ryan O'Reilly is hit by Paul Postma and loses puck.
14:02 of 1st period - Jonas Brodin is hit by Steve Downie and loses puck.
14:14 of 1st period - Minor Penalty to Steve Downie for Holding.
14:15 of 1st period - Joe Colborne wins face-off versus Andrej Nestrasil in RedWings zone.
14:26 of 1st period - Snap shot by Zach Redmond.
14:26 of 1st period - Shot Misses the Net.
14:52 of 1st period - Joe Colborne is hit by Mark Scheifele.
15:17 of 1st period - Mark Letestu is hit by Zack Smith and loses puck.
15:30 of 1st period - Ryan O'Reilly is hit by Andrew Shaw and loses puck.
15:57 of 1st period - Chris VandeVelde is hit by Colton Sceviour and loses puck.
16:14 of 1st period - Penalty to Steve Downie is over, Steve Downie is back on ice.
16:30 of 1st period - TJ Galiardi is hit by Mark Scheifele and loses puck.
16:53 of 1st period - Snap shot by Marcus Johansson.
16:53 of 1st period - Shot Misses the Net.
17:17 of 1st period - Steve Downie is hit by Andrej Nestrasil and loses puck.
17:55 of 1st period - Wrist shot by Andrew Shaw.
17:55 of 1st period - Stopped by Eddie Lack with a rebound.
17:57 of 1st period - Snap shot by Jamie McGinn.
17:57 of 1st period - Shot Blocked by Ryan O'Reilly.
17:59 of 1st period - Slapshot by Mike Santorelli.
17:59 of 1st period - Stopped by Eddie Lack with a rebound.
18:01 of 1st period - Slapshot by Derek Forbort.
18:01 of 1st period - Stopped by Eddie Lack with a rebound.
18:58 of 1st period - Snap shot by Lee Stempniak.
18:58 of 1st period - Stopped by Jonas Hiller without a rebound.
18:59 of 1st period - Chris VandeVelde wins face-off versus Lee Stempniak in RedWings zone.
19:13 of 1st period - Minor Penalty to Steve Downie for Hooking.
19:14 of 1st period - Joe Colborne wins face-off versus Andrej Nestrasil in RedWings zone.
19:24 of 1st period - Off-side.
19:25 of 1st period - Joe Colborne wins face-off versus Andrej Nestrasil in neutral zone.
19:28 of 1st period - Colton Sceviour is hit by Joe Colborne and loses puck.
Goals for this period are 0 for Avalanche vs 0 for RedWings.
Shots for this period are 1 for Avalanche vs 12 for RedWings.

2nd period


0:01 of 2nd period - Joe Colborne wins face-off versus Andrej Nestrasil in neutral zone.
0:51 of 2nd period - Eric Gryba is hit by David Rundblad and loses puck.
1:03 of 2nd period - Slapshot by Ryan O'Reilly.
1:03 of 2nd period - Shot Misses the Net.
1:05 of 2nd period - Slapshot by Matt Dumba.
1:05 of 2nd period - Shot Blocked by Eric Gryba.
1:07 of 2nd period - Wrist shot by Daniel Winnik.
1:07 of 2nd period - Shot Misses the Net.
1:09 of 2nd period - Snap shot by Mark Scheifele.
1:09 of 2nd period - Shot Misses the Net.
1:11 of 2nd period - Slapshot by Matt Dumba.
1:11 of 2nd period - Shot Blocked by Joe Colborne.
1:13 of 2nd period - Penalty to Steve Downie is over, Steve Downie is back on ice.
1:13 of 2nd period - Slapshot by Daniel Winnik.
1:13 of 2nd period - Shot Blocked by Eric Gryba.
1:15 of 2nd period - Snap shot by Mark Scheifele.
1:15 of 2nd period - Stopped by Jonas Hiller with a rebound.
1:17 of 2nd period - Snap shot by Mark Scheifele.
1:17 of 2nd period - Stopped by Jonas Hiller with a rebound.
1:19 of 2nd period - Wrist shot by Daniel Winnik.
1:19 of 2nd period - Shot Misses the Net.
2:04 of 2nd period - Snap shot by Lee Stempniak.
2:04 of 2nd period - Stopped by Jonas Hiller with a rebound.
2:06 of 2nd period - Snap shot by Lee Stempniak.
2:06 of 2nd period - Stopped by Jonas Hiller without a rebound.
2:07 of 2nd period - Zack Smith wins face-off versus Chris VandeVelde in RedWings zone.
2:10 of 2nd period - Wrist shot by Lee Stempniak.
2:10 of 2nd period - Stopped by Jonas Hiller without a rebound.
2:11 of 2nd period - Andrej Nestrasil wins face-off versus Chris VandeVelde in RedWings zone.
2:14 of 2nd period - Wrist shot by Matt Moulson.
2:14 of 2nd period - Shot Blocked by Bryan Bickell.
2:42 of 2nd period - Wrist shot by Matt Moulson.
2:42 of 2nd period - Stopped by Jonas Hiller without a rebound.
2:43 of 2nd period - Zack Smith wins face-off versus Andrew Shaw in RedWings zone.
2:46 of 2nd period - Slapshot by Lee Stempniak.
2:46 of 2nd period - Shot Misses the Net.
2:58 of 2nd period - Snap shot by Andrew Shaw.
2:58 of 2nd period - Shot Blocked by Matt Dumba.
3:00 of 2nd period - Snap shot by Andrew Shaw.
3:00 of 2nd period - Goal by Andrew Shaw - Avalanche : 0 - RedWings : 1.
3:01 of 2nd period - Andrew Shaw wins face-off versus Zack Smith in neutral zone.
3:28 of 2nd period - Snap shot by Andrew Shaw.
3:28 of 2nd period - Shot Misses the Net.
4:47 of 2nd period - Wrist shot by Chris VandeVelde.
4:47 of 2nd period - Shot Blocked by Matt Dumba.
4:47 of 2nd period - Matt Dumba from Avalanche is injured at 4:47 of 2nd period (Right Hand).
4:48 of 2nd period - Zack Smith wins face-off versus Joe Colborne in Avalanche zone.
4:53 of 2nd period - Slapshot by Joe Colborne.
4:53 of 2nd period - Shot Misses the Net.
4:55 of 2nd period - Snap shot by Frank Corrado.
4:55 of 2nd period - Shot Blocked by Jonas Brodin.
4:57 of 2nd period - Snap shot by Devante Smith-Pelly.
4:57 of 2nd period - Deflect By Lee Stempniak.
4:57 of 2nd period - Shot Misses the Net.
4:57 of 2nd period - Puck is out of play.
4:58 of 2nd period - Lee Stempniak wins face-off versus Devante Smith-Pelly in Avalanche zone.
4:58 of 2nd period - Lee Stempniak is hit by Eric Gryba.
5:07 of 2nd period - Minor Penalty to Colton Sceviour for Hooking.
5:08 of 2nd period - Zack Smith wins face-off versus Devante Smith-Pelly in Avalanche zone.
5:08 of 2nd period - Zack Smith is hit by Devante Smith-Pelly.
6:00 of 2nd period - Jonas Brodin is hit by Mike Santorelli and loses puck.
7:07 of 2nd period - Penalty to Colton Sceviour is over, Colton Sceviour is back on ice.
7:39 of 2nd period - Steve Downie is hit by Daniel Winnik and loses puck.
8:24 of 2nd period - Snap shot by Ryan White.
8:24 of 2nd period - Shot Misses the Net.
8:26 of 2nd period - Snap shot by Melker Karlsson.
8:26 of 2nd period - Shot Blocked by David Rundblad.
9:38 of 2nd period - Snap shot by Colton Sceviour.
9:38 of 2nd period - Stopped by Jonas Hiller without a rebound.
9:39 of 2nd period - Andrew Shaw wins face-off versus Zack Smith in RedWings zone.
9:41 of 2nd period - Minor Penalty to Andrew Shaw for Cross-checking.
9:42 of 2nd period - Joe Colborne wins face-off versus Lee Stempniak in RedWings zone.
10:59 of 2nd period - Chris VandeVelde is hit by Zach Redmond and loses puck.
11:10 of 2nd period - Mark Pysyk is hit by Sami Vatanen.
11:38 of 2nd period - Ryan O'Reilly is hit by Melker Karlsson.
11:41 of 2nd period - Penalty to Andrew Shaw is over, Andrew Shaw is back on ice.
12:23 of 2nd period - Ryan O'Reilly is hit by Andrew Shaw and loses puck.
12:52 of 2nd period - Snap shot by Steve Downie.
12:52 of 2nd period - Stopped by Eddie Lack with a rebound.
12:54 of 2nd period - Snap shot by Bryan Bickell.
12:54 of 2nd period - Shot Blocked by Zack Smith.
12:56 of 2nd period - Snap shot by Steve Downie.
12:56 of 2nd period - Stopped by Eddie Lack with a rebound.
12:58 of 2nd period - Snap shot by Steve Downie.
12:58 of 2nd period - Shot Misses the Net.
13:28 of 2nd period - Mark Scheifele is hit by Melker Karlsson and loses puck.
13:37 of 2nd period - Wrist shot by TJ Galiardi.
13:37 of 2nd period - Shot Blocked by Andrej Nestrasil.
13:47 of 2nd period - Snap shot by Melker Karlsson.
13:47 of 2nd period - Deflect By TJ Galiardi.
13:47 of 2nd period - Shot Misses the Net.
13:47 of 2nd period - Puck is out of play.
13:48 of 2nd period - Jamie McGinn wins face-off versus Marcus Johansson in Avalanche zone.
14:05 of 2nd period - Ryan O'Reilly is hit by Eric Gryba and loses puck.
14:47 of 2nd period - Chris VandeVelde is hit by Andrej Nestrasil and loses puck.
14:56 of 2nd period - Steve Downie is hit by David Rundblad and loses puck.
15:14 of 2nd period - Icing by Brad Richards.
15:15 of 2nd period - Brad Richards wins face-off versus TJ Galiardi in Avalanche zone.
15:24 of 2nd period - Jonas Brodin is hit by Melker Karlsson and loses puck.
15:49 of 2nd period - Wrist shot by TJ Galiardi.
15:49 of 2nd period - Shot Misses the Net.
15:51 of 2nd period - Snap shot by Ryan White.
15:51 of 2nd period - Shot Misses the Net.
15:56 of 2nd period - Off-side.
15:57 of 2nd period - Joe Colborne wins face-off versus Marcus Johansson in neutral zone.
16:16 of 2nd period - Snap shot by Eric Gryba.
16:16 of 2nd period - Shot Blocked by Jonas Brodin.
16:36 of 2nd period - Zack Smith is hit by Joe Colborne and loses puck.
16:51 of 2nd period - Snap shot by Andrew Shaw.
16:51 of 2nd period - Stopped by Eddie Lack without a rebound.
16:52 of 2nd period - Marcus Johansson wins face-off versus Mike Santorelli in Avalanche zone.
17:13 of 2nd period - Off-side.
17:14 of 2nd period - Chris VandeVelde wins face-off versus Andrej Nestrasil in neutral zone.
17:17 of 2nd period - Matt Moulson is hit by Steve Downie and loses puck.
17:34 of 2nd period - Slapshot by Steve Downie.
17:34 of 2nd period - Stopped by Eddie Lack with a rebound.
17:36 of 2nd period - Snap shot by Steve Downie.
17:36 of 2nd period - Stopped by Eddie Lack without a rebound.
17:37 of 2nd period - Zack Smith wins face-off versus Andrew Shaw in Avalanche zone.
17:37 of 2nd period - Zack Smith is hit by Eric Gryba.
18:01 of 2nd period - Minor Penalty to Eric Gryba for Hooking.
18:02 of 2nd period - Ryan O'Reilly wins face-off versus Joe Colborne in RedWings zone.
18:17 of 2nd period - Wrist shot by Mark Scheifele.
18:17 of 2nd period - Stopped by Jonas Hiller without a rebound.
18:18 of 2nd period - Joe Colborne wins face-off versus Ryan O'Reilly in RedWings zone.
18:31 of 2nd period - Frank Corrado is hit by Zack Smith and loses puck.
18:51 of 2nd period - Mark Letestu is hit by Mark Scheifele and loses puck.
18:57 of 2nd period - Off-side.
18:58 of 2nd period - Joe Colborne wins face-off versus Ryan O'Reilly in neutral zone.
19:04 of 2nd period - Minor Penalty to Daniel Winnik for Roughing.
19:05 of 2nd period - Andrej Nestrasil wins face-off versus Joe Colborne in Avalanche zone.
19:17 of 2nd period - Wrist shot by Lee Stempniak.
19:17 of 2nd period - Goal by Lee Stempniak - Avalanche : 1 - RedWings : 1.
19:18 of 2nd period - Andrej Nestrasil wins face-off versus Joe Colborne in neutral zone.
Goals for this period are 1 for Avalanche vs 1 for RedWings.
Shots for this period are 9 for Avalanche vs 6 for RedWings.

3rd period


0:01 of 3rd period - Penalty to Eric Gryba is over, Eric Gryba is back on ice.
0:01 of 3rd period - Joe Colborne wins face-off versus Andrej Nestrasil in neutral zone.
0:18 of 3rd period - Slapshot by Frank Corrado.
0:18 of 3rd period - Deflect By Joe Colborne.
0:18 of 3rd period - Shot Blocked by Jonas Brodin.
0:18 of 3rd period - Puck is out of play.
0:19 of 3rd period - Zack Smith wins face-off versus Joe Colborne in Avalanche zone.
0:28 of 3rd period - Jonas Brodin is hit by Mark Letestu and loses puck.
0:39 of 3rd period - Wrist shot by Mark Letestu.
0:39 of 3rd period - Stopped by Eddie Lack without a rebound.
0:40 of 3rd period - Andrew Shaw wins face-off versus Zack Smith in Avalanche zone.
1:03 of 3rd period - Paul Postma is hit by Zack Smith and loses puck.
1:04 of 3rd period - Penalty to Daniel Winnik is over, Daniel Winnik is back on ice.
1:46 of 3rd period - Daniel Winnik is hit by Chris VandeVelde and loses puck.
1:55 of 3rd period - Wrist shot by Bryan Bickell.
1:55 of 3rd period - Shot Misses the Net.
1:57 of 3rd period - Slapshot by Frank Corrado.
1:57 of 3rd period - Stopped by Eddie Lack with a rebound.
2:09 of 3rd period - Slapshot by Joe Colborne.
2:09 of 3rd period - Shot Misses the Net.
2:11 of 3rd period - Snap shot by Frank Corrado.
2:11 of 3rd period - Shot Misses the Net.
2:13 of 3rd period - Slapshot by Frank Corrado.
2:13 of 3rd period - Shot Misses the Net.
2:23 of 3rd period - Snap shot by Joe Colborne.
2:23 of 3rd period - Stopped by Eddie Lack with a rebound.
2:25 of 3rd period - Slapshot by Eric Gryba.
2:25 of 3rd period - Shot Misses the Net.
2:38 of 3rd period - David Rundblad is hit by Eric Gryba.
2:48 of 3rd period - TJ Galiardi is hit by Zack Smith and loses puck.
2:57 of 3rd period - Slapshot by Jonas Brodin.
2:57 of 3rd period - Shot Misses the Net.
2:59 of 3rd period - Slapshot by Zack Smith.
2:59 of 3rd period - Shot Blocked by Ryan White.
3:11 of 3rd period - Minor Penalty to Ryan White for Slashing.
3:12 of 3rd period - Ryan O'Reilly wins face-off versus Joe Colborne in RedWings zone.
3:21 of 3rd period - Slapshot by Ryan O'Reilly.
3:21 of 3rd period - Shot Blocked by Eric Gryba.
4:15 of 3rd period - Snap shot by Mark Scheifele.
4:15 of 3rd period - Stopped by Jonas Hiller without a rebound.
4:16 of 3rd period - Ryan O'Reilly wins face-off versus Andrew Shaw in RedWings zone.
4:35 of 3rd period - Snap shot by Andrew Shaw.
4:35 of 3rd period - Shot Misses the Net.
4:51 of 3rd period - Devante Smith-Pelly is hit by Zach Redmond and loses puck.
4:52 of 3rd period - Devante Smith-Pelly from RedWings is injured at 4:52 of 3rd period (Bruised Right Shoulder).
4:53 of 3rd period - Joe Colborne wins face-off versus Andrej Nestrasil in RedWings zone.
5:11 of 3rd period - Penalty to Ryan White is over, Ryan White is back on ice.
5:54 of 3rd period - Joe Colborne is hit by Ryan O'Reilly and loses puck.
6:06 of 3rd period - Icing by Ryan White.
6:07 of 3rd period - Andrej Nestrasil wins face-off versus Joe Colborne in RedWings zone.
6:41 of 3rd period - Slapshot by Andrew Shaw.
6:41 of 3rd period - Shot Misses the Net.
7:01 of 3rd period - Chris VandeVelde is hit by Zach Redmond and loses puck.
7:08 of 3rd period - Wrist shot by Steve Downie.
7:08 of 3rd period - Stopped by Eddie Lack without a rebound.
7:09 of 3rd period - Colton Sceviour wins face-off versus Chris VandeVelde in Avalanche zone.
7:46 of 3rd period - Wrist shot by Marcus Johansson.
7:46 of 3rd period - Stopped by Jonas Hiller with a rebound.
7:48 of 3rd period - Backhand shot by Jonas Brodin.
7:48 of 3rd period - Stopped by Jonas Hiller without a rebound.
7:49 of 3rd period - Marcus Johansson wins face-off versus TJ Galiardi in RedWings zone.
7:54 of 3rd period - Snap shot by Ryan O'Reilly.
7:54 of 3rd period - Shot Misses the Net.
7:56 of 3rd period - Backhand shot by Jonas Brodin.
7:56 of 3rd period - Stopped by Jonas Hiller with a rebound.
7:58 of 3rd period - Slapshot by Marcus Johansson.
7:58 of 3rd period - Shot Misses the Net.
8:00 of 3rd period - Slapshot by Jonas Brodin.
8:00 of 3rd period - Stopped by Jonas Hiller with a rebound.
8:02 of 3rd period - Slapshot by Ryan O'Reilly.
8:02 of 3rd period - Stopped by Jonas Hiller without a rebound.
8:03 of 3rd period - TJ Galiardi wins face-off versus Marcus Johansson in RedWings zone.
8:14 of 3rd period - Backhand shot by TJ Galiardi.
8:14 of 3rd period - Stopped by Eddie Lack with a rebound.
8:42 of 3rd period - Snap shot by Andrew Shaw.
8:42 of 3rd period - Shot Blocked by Ryan O'Reilly.
8:58 of 3rd period - Icing by Mike Santorelli.
8:59 of 3rd period - Zack Smith wins face-off versus Andrew Shaw in RedWings zone.
9:06 of 3rd period - Slapshot by Lee Stempniak.
9:06 of 3rd period - Shot Blocked by Mike Santorelli.
9:08 of 3rd period - Wrist shot by David Rundblad.
9:08 of 3rd period - Deflect By Lee Stempniak.
9:08 of 3rd period - Shot Misses the Net.
9:08 of 3rd period - Puck is out of play.
9:09 of 3rd period - Colton Sceviour wins face-off versus Joe Colborne in RedWings zone.
9:18 of 3rd period - Snap shot by Lee Stempniak.
9:18 of 3rd period - Shot Misses the Net.
9:20 of 3rd period - Snap shot by Zack Smith.
9:20 of 3rd period - Stopped by Jonas Hiller with a rebound.
9:22 of 3rd period - Backhand shot by David Rundblad.
9:22 of 3rd period - Shot Blocked by Frank Corrado.
9:24 of 3rd period - Wrist shot by Colton Sceviour.
9:24 of 3rd period - Stopped by Jonas Hiller without a rebound.
9:25 of 3rd period - Andrej Nestrasil wins face-off versus Joe Colborne in RedWings zone.
10:25 of 3rd period - Mike Santorelli is hit by Zack Smith and loses puck.
10:36 of 3rd period - Slapshot by Lee Stempniak.
10:36 of 3rd period - Goal by Lee Stempniak - Avalanche : 2 - RedWings : 1.
10:37 of 3rd period - Marcus Johansson wins face-off versus TJ Galiardi in neutral zone.
10:40 of 3rd period - Snap shot by Ryan O'Reilly.
10:40 of 3rd period - Stopped by Jonas Hiller with a rebound.
11:14 of 3rd period - Snap shot by Marcus Johansson.
11:14 of 3rd period - Shot Blocked by TJ Galiardi.
12:20 of 3rd period - Joe Colborne is hit by Matthew Corrente and loses puck.
12:43 of 3rd period - Minor Penalty to Bryan Bickell for Roughing.
12:44 of 3rd period - Joe Colborne wins face-off versus Ryan O'Reilly in RedWings zone.
12:53 of 3rd period - Slapshot by Frank Corrado.
12:53 of 3rd period - Shot Misses the Net.
12:59 of 3rd period - Joe Colborne is hit by Jonas Brodin and loses puck.
13:42 of 3rd period - Slapshot by Sami Vatanen.
13:42 of 3rd period - Shot Blocked by Eric Gryba.
13:44 of 3rd period - Slapshot by Sami Vatanen.
13:44 of 3rd period - Shot Misses the Net.
13:46 of 3rd period - Slapshot by Sami Vatanen.
13:46 of 3rd period - Stopped by Jonas Hiller without a rebound.
13:47 of 3rd period - Ryan O'Reilly wins face-off versus Chris VandeVelde in RedWings zone.
13:54 of 3rd period - Slapshot by Ryan O'Reilly.
13:54 of 3rd period - Stopped by Jonas Hiller with a rebound.
13:56 of 3rd period - Slapshot by Jonas Brodin.
13:56 of 3rd period - Shot Blocked by Mark Pysyk.
13:58 of 3rd period - Slapshot by Mark Scheifele.
13:58 of 3rd period - Shot Blocked by Paul Postma.
14:00 of 3rd period - Wrist shot by Mark Scheifele.
14:00 of 3rd period - Shot Misses the Net.
14:40 of 3rd period - David Rundblad is hit by Joe Colborne and loses puck.
14:43 of 3rd period - Penalty to Bryan Bickell is over, Bryan Bickell is back on ice.
15:52 of 3rd period - Backhand shot by Andrew Shaw.
15:52 of 3rd period - Stopped by Eddie Lack with a rebound.
15:54 of 3rd period - Wrist shot by Mike Santorelli.
15:54 of 3rd period - Stopped by Eddie Lack without a rebound.
15:55 of 3rd period - Andrew Shaw wins face-off versus Marcus Johansson in Avalanche zone.
15:59 of 3rd period - Minor Penalty to Ryan O'Reilly for Holding.
16:00 of 3rd period - Zack Smith wins face-off versus Andrew Shaw in Avalanche zone.
16:27 of 3rd period - Mark Pysyk is hit by Matthew Corrente and loses puck.
17:37 of 3rd period - David Pastrnak is hit by Mark Pysyk and loses puck.
17:46 of 3rd period - Wrist shot by Andrew Shaw.
17:46 of 3rd period - Shot Misses the Net.
17:59 of 3rd period - Penalty to Ryan O'Reilly is over, Ryan O'Reilly is back on ice.
18:29 of 3rd period - Snap shot by Ryan O'Reilly.
18:29 of 3rd period - Shot Misses the Net.
19:12 of 3rd period - RedWings, Jonas Hiller is pulled from the net.
19:18 of 3rd period - Snap shot by Joe Colborne.
19:18 of 3rd period - Shot Misses the Net.
19:20 of 3rd period - Wrist shot by Eric Gryba.
19:20 of 3rd period - Stopped by Eddie Lack without a rebound.
19:21 of 3rd period - Dave Cameron call a timeout for RedWings.
19:21 of 3rd period - Ryan O'Reilly wins face-off versus Joe Colborne in Avalanche zone.
19:47 of 3rd period - Joe Colborne is hit by David Rundblad and loses puck.
19:58 of 3rd period - Snap shot by Bryan Bickell.
19:58 of 3rd period - Stopped by Eddie Lack without a rebound.
19:59 of 3rd period - Brad Richards wins face-off versus Joe Colborne in Avalanche zone.
19:59 of 3rd period - Brad Richards is hit by Joe Colborne.
Goals for this period are 1 for Avalanche vs 0 for RedWings.
Shots for this period are 12 for Avalanche vs 9 for RedWings.